 Dungeon Crawl Stone Soup version 0.30-a0-946-gec5dcfc036 (webtiles) character file.

Game seed: 7007550017865708986

11 Armakuni the Charlatan (level 2, -1/22 HPs)
             Began as a Human Artificer on Mar 26, 2023.
             Slain by a goblin
             ... wielding a +2 dagger of venom
              (3 damage)
             ... on level 1 of the Dungeon.
             The game lasted 00:01:08 (383 turns).

Armakuni the Charlatan (Human Artificer)             Turns: 383, Time: 00:01:08

Health: -1/22      AC:  3    Str: 12    XL:     2   Next: 35%
Magic:  2/2        EV: 11    Int: 11    God:
Gold:   0          SH:  0    Dex: 13    Spells: 1/1 levels left

rFire   . . .      SeeInvis .    a - +0 club
rCold   . . .      Faith    .    (no shield)
rNeg    . . .      Spirit   .    b - +0 leather armour
rPois   .          Reflect  .    (no helmet)
rElec   .          Rampage  .    (no cloak)
rCorr   .                        (no gloves)
Will    .....                    (no boots)
Stlth   +                        (no amulet)
HPRegen 0.23/turn                (no ring)
MPRegen 0.08/turn                (no ring)

@: lethally poisoned (-1 -> -6)
A: no striking features
a: no special abilities


You were on level 1 of the Dungeon.
You visited 1 branch of the dungeon, and saw 1 of its levels.

Inventory:

Hand Weapons
 a - a +0 club (weapon)
Armour
 b - a +0 leather armour (worn)
 c - a +0 ring mail
Wands
 d - a wand of charming (15)
 e - a wand of iceblast (5)
 v - a wand of flame (6) (quivered)


   Skills:
 + Level 1.6 Fighting
 + Level 1.2 Maces & Flails
 - Level 2.0 Armour
 - Level 1.0 Dodging
 - Level 1.0 Stealth
 - Level 3.0 Evocations


You had one spell level left.
You didn't know any spells.
Your spell library was empty.

Dungeon Overview and Level Annotations

Branches:
Dungeon (1/15)

Altars:


Message History

You feel sick.
You feel sick.
You feel sick. The goblin hits you but does no damage.
The kobold closely misses you.
You feel sick. The kobold attacks as you move away!
The kobold hits you with a +0 dagger.
You feel sick.
You are no longer poisoned.
Aiming: Throw Flame
Press: ? - help, Q - select action, (/) - cycle Shift-Dir - straight line, f - goblin
Aim: a goblin, wielding a +2 dagger of venom (64% to hit)
The puff of flame misses the goblin.
The goblin hits you but does no damage.
You are lethally poisoned!
The kobold hits you with a +0 dagger.
Aiming: Throw Flame
Press: ? - help, Q - select action, (/) - cycle Shift-Dir - straight line, f/p - goblin
Aim: a goblin, wielding a +2 dagger of venom (64% to hit)
The puff of flame misses the goblin.
You feel very sick. The goblin barely misses you.
The kobold closely misses you.
Aiming: Throw Flame
Press: ? - help, Q - select action, (/) - cycle Shift-Dir - straight line, f/p - goblin
Aim: a goblin, wielding a +2 dagger of venom (64% to hit)
The puff of flame misses the goblin.
* * * LOW HITPOINT WARNING * * *
You feel sick.
The goblin hits you with a +2 dagger of venom.
* * * LOW HITPOINT WARNING * * *
The kobold barely misses you.
You aren't carrying any potions.
Hit: a) +0 club
Press: ? - help, Dir - move target, f/p - goblin
Aim: a goblin, wielding a +2 dagger of venom (about 50% to evade your +0 club)
You hit the goblin.
The goblin is moderately wounded.
* * * LOW HITPOINT WARNING * * *
You feel sick.
The goblin hits you with a +2 dagger of venom.
You die...

#################
#...............#
.####...............#
............K.......#
............g@......#
.####...............#
.......#+##.#.#####
##........#.#.#
#........#.#.#
#........#.#.# ..
#.#......#.#.# ...
#.#..........##########
....
#...................#


You could see a goblin and a kobold.

Vanquished Creatures
  A giant cockroach (D:1)
  2 goblins (D:1)
  A hobgoblin (D:1)
  3 jackals (D:1)
  A quokka (D:1)
  A frilled lizard (D:1)
9 creatures vanquished.

Notes
Turn   | Place    | Note
-------+----------+-------------------------------------------
     0 | D:1      | Armakuni the Human Artificer began the quest for the Orb.
     0 | D:1      | Reached XP level 1. HP: 15/15 MP: 1/1
   184 | D:1      | Reached skill level 1 in Maces & Flails
   184 | D:1      | Reached XP level 2. HP: 16/21 MP: 2/2
   383 | D:1      | Slain by a goblin

Illustrated notes

Levels and vault maps discovered:
D:1:      heliophobic_arrival_dark_side_of_the_moon, layout_basic

Skill      XL: |  1 |
---------------+----+-----
Maces & Flails | 1 |  1.2
Fighting       | |  1.6
Armour         | |  2.0
Dodging        | |  1.0
Stealth        | |  1.0
Evocations     | |  3.0

Action                     || total
---------------------------++-------
  Melee: Club              ||    43
         Punch             ||     1
  Evoke: Wand              ||     9
    Use: Scroll            ||     1
 Armour: Leather armour    ||    14
  Dodge: Dodged            ||    43

Table legend: (Time is in decaauts)
 A = Elapsed time spent in this place.
 B = Non-inter-level travel time spent in this place.
 C = Inter-level travel time spent in this place.
 D = Time resting spent in this place.
 E = Time spent auto-exploring this place.
 F = Levels seen in this place.
 G = Mean time per level.
                   A        B        C        D        E       F      G
               +--------+--------+--------+--------+--------+-----+--------+
         Total |    394 |    394 |      0 |    109 |    158 |   1 |  394.0 |
       Dungeon |    394 |    394 |      0 |    109 |    158 |   1 |  394.0 |
               +--------+--------+--------+--------+--------+-----+--------+

Top non-repeatable levels by time:
     D:1: 394 daAuts
